 Dungeon Crawl Stone Soup version 0.19-a0-958-gd69d43c (console) character file.

117 hourai the Skirmisher (level 4, -3/42 HPs)
             Began as a Draconian Chaos Knight on July 11, 2016.
             Slain by a shadow (20 damage)
             ... summoned by the capriciousness of Xom
             ... on level 3 of the Dungeon.
             The game lasted 00:04:54 (2000 turns).

hourai the Skirmisher (Draconian Chaos Knight)      Turns: 2000, Time: 00:04:54

Health: -3/42      AC:  6    Str: 15    XL:     4   Next: 71%
Magic:  4/4        EV: 12    Int: 13    God:    Xom [......]
Gold:   129        SH:  0    Dex: 10    Spells: 0 memorised, 3 levels left

rFire  . . .     SeeInvis .     a - +0 spear (chaos)
rCold  . . .     Gourm    .     (armour unavailable)
rNeg   . . .     Faith    .     (no shield)
rPois  .         Spirit   .     e - +1 hat
rElec  .         Dismiss  .     (no cloak)
rCorr  .         Reflect  .     (no gloves)
SustAt .         Harm     .     (no boots)
MR     .....                    (no amulet)
Stlth  +.........               (no ring)
                                (no ring)

@: confused, not resistant to hostile enchantments, very unstealthy
A: unfitting armour, cold-blooded, AC +5
a: Renounce Religion


You were on level 3 of the Dungeon.
You worshipped Xom.
You were a very special plaything of Xom.
You were not hungry.

You visited 1 branch of the dungeon, and saw 3 of its levels.

You collected 129 gold pieces.

Inventory:

Hand Weapons
 a - a +0 spear of chaos (weapon)
Missiles
 k - 2 silver tomahawks (quivered)
Armour
 e - a +1 hat (worn)
Scrolls
 h - 2 scrolls of enchant armour {unknown}
Potions
 c - a potion of heal wounds {unknown}
 f - a potion of agility
 g - a potion of curing
 i - a potion of haste
Comestibles
 b - 3 bread rations
 d - 3 meat rations
 j - 11 chunks of flesh


   Skills:
 + Level 5.3 Fighting
 - Level 4.0 Polearms
 - Level 2.1 Dodging


You had 3 spell levels left.
You didn't know any spells.

Dungeon Overview and Level Annotations

Branches:
Dungeon (3/15)

Altars:
Fedhas
Hepliaklqana


Innate Abilities, Weirdness & Mutations

Your plain brown scales are hard. (AC +5)
Your body does not fit into most forms of armour.
You are cold-blooded and may be slowed by cold attacks.


Message History

You're too confused!
Unknown command.
The orc wizard closely misses you.
The orc wizard points at you and mumbles some strange words.
You are more confused.
The orc wizard gestures at you while chanting.
The puff of frost hits you!
The shadow slips into darkness.
The shadow flickers and vanishes!
You see here a short sword.
The orc wizard gestures wildly while chanting.
The orc wizard flickers and vanishes!
The orc wizard hits you but does no damage.
The orc wizard closely misses you.
The orc shouts!
The orc barely misses you. The orc wizard hits you with a dagger.
The shadow strikes at you from the darkness!
You die...
Xom chuckles heartily!

. #.#....##..... #.
#............ #..
#............
#.##..%.?#....#
#......#.##..##.#
###....#.##...#.#
####....o...........
#........##.###....#
#.....)..##.........
#...oo{..##.........
#<.@....###.........
#...o...# #.........
#.........#
#.........
............#
#.###.#.##
.....########
#.PPP...# .....
##P.PPP..# .....
...PP_PP.## ....
##..PPPP.# #..PP...#
#########


You could see an orc wizard and 3 orcs.

Vanquished Creatures
  3 adders
  2 worms (D:2)
  3 dart slugs (D:1)
  3 giant geckos
  11 orcs (D:3)
  6 bats
  3 giant cockroaches (D:1)
  4 goblins
  5 hobgoblins
  6 jackals
  A quokka (D:2)
  A quokka (shapeshifter) (D:1)
  2 giant newts
  A giant newt (shapeshifter) (D:2)
  3 kobolds
  6 rats
60 creatures vanquished.

Notes
Turn   | Place    | Note
-------+----------+-------------------------------------------
     0 | D:1      | hourai the Draconian Chaos Knight began the quest for the Orb.
     0 | D:1      | Reached XP level 1. HP: 19/19 MP: 1/1
   123 | D:1      | Reached XP level 2. HP: 26/26 MP: 2/2
   183 | D:1      | XOM: divination: detect items
   348 | D:1      | XOM: harmless Divn miscast
   377 | D:1      | Reached XP level 3. HP: 31/31 MP: 3/3
   724 | D:2      | XOM: enchant monster (bad)
   735 | D:2      | Reached skill level 4 in Fighting
  1025 | D:2      | XOM: 2-stop teleportation journey
  1127 | D:2      | Found a hazy altar of Hepliaklqana.
  1184 | D:2      | XOM: harmless Conj miscast
  1365 | D:2      | XOM: medium Erth miscast
  1559 | D:3      | Reached XP level 4. HP: 36/41 MP: 4/4
  1774 | D:3      | XOM: polymorph hobgoblin -> adder
  1779 | D:3      | XOM: harmless Air miscast
  1792 | D:3      | Reached skill level 5 in Fighting
  1930 | D:3      | Found a blossoming altar of Fedhas.
  1986 | D:3      | XOM: medium Necr miscast
  1987 | D:3      | Noticed a shadow
  1987 | D:3      | Noticed a shadow
  1991 | D:3      | XOM: confusion
  2000 | D:3      | Slain by a shadow

Vault maps used:
D:1:      lemuel_arrival_behind_the_door_large
D:2:      old_standard_altar, first_bread
D:3:      makhleb_grotto_becter, tgw_sif, fedhas_altar_3

Skill      XL: |  1  2  3  4 |
---------------+-------------+-----
Polearms       | 4 |  4.0
Fighting       | 4 5 |  5.3
Dodging        | |  2.1

Action                   |  1- 3 |  4- 6 || total
-------------------------+-------+-------++-------
Melee: Spear             |   162 |    63 ||   225
       Tailslap          |    12 |    12 ||    24
  Use: Scroll            |     4 |       ||     4
 Stab: Sleeping          |     2 |       ||     2
       Confused          |     1 |       ||     1
       Paralysed         |     1 |       ||     1
  Eat: Chunk             |     2 |     2 ||     4
Armor: Skin              |    44 |    18 ||    62
Dodge: Dodged            |    81 |    43 ||   124
